 Dungeon Crawl Stone Soup version 0.21-a0-401-g0b6bec4 (webtiles) character file.

1344 grizmgrazm2 the Skirmisher (level 8, -2/64 HPs)
             Began as a Demonspawn Abyssal Knight on Oct 22, 2017.
             Was an Elder of Lugonu.
             Slain by a yak (5 damage)
             ... on level 7 of the Dungeon.
             The game lasted 00:13:09 (4189 turns).

grizmgrazm2 the Skirmisher (DsAK)                   Turns: 4189, Time: 00:13:09

Health: -2/64      AC: 13    Str: 14    XL:     8   Next: 36%
Magic:  11/11      EV:  7    Int: 14    God:    Lugonu [****..]
Gold:   338        SH:  0    Dex: 13    Spells: 4/7 levels left

rFire    . . .     SeeInvis .   a - +2 hand axe
rCold    . . .     Gourm    .   (no shield)
rNeg     . . .     Faith    .   m - +0 chain mail
rPois    .         Spirit   .   (no helmet)
rElec    .         Reflect  .   (no cloak)
rCorr    +         Harm     .   g - +0 pair of gloves
MR       .....                  (no boots)
Stlth    ..........             w - amulet of inaccuracy (curse)
HPRegen  0.20/turn              d - ring of resist corrosion
MPRegen  0.12/turn              (no ring)

@: no status effects
A: talons 1, yellow scales 1, spiny 1
a: Depart the Abyss, Bend Space, Banish, Corrupt, Renounce Religion


You were on level 7 of the Dungeon.
You worshipped Lugonu.
Lugonu was greatly pleased with you.
You were not hungry.

You visited 1 branch of the dungeon, and saw 7 of its levels.
You visited the Abyss 1 time.
You also visited: Sewer.

You collected 338 gold pieces.

Inventory:

Hand Weapons
 a - a +2 hand axe (weapon)
Armour
 g - a +0 pair of gloves (worn)
 m - a +0 chain mail (worn)
Jewellery
 d - a ring of resist corrosion (left hand)
 w - a cursed amulet of inaccuracy (around neck)
Wands
 r - a wand of scattershot (7/9)
 t - a wand of random effects (21/48)
Scrolls
 i - 4 scrolls of teleportation
 p - a scroll of identify
 u - a scroll of amnesia
 v - a scroll of magic mapping {unknown}
 x - a scroll of random uselessness {unknown}
Potions
 e - a potion of mutation
 h - 2 potions of ambrosia
 j - 3 potions of lignification {unknown}
 l - a potion of experience {unknown}
 o - a potion of magic {unknown}
 s - 4 potions of flight
Books
 k - a book of Misfortune

   Spells                             Type                      Level
   a - Confusing Touch                Hexes                        1
   b - Confuse                        Hexes                        3
   c - Gell's Gravitas                Translocation                3
   d - Petrify                        Transmutation/Earth          4
   e - Metabolic Englaciation         Hexes/Ice                    5
   f - Yara's Violent Unravelling     Hexes/Transmutation          5
Comestibles
 c - 7 bread rations
 f - a royal jelly


   Skills:
 * Level 6.0 Fighting
 + Level 5.5 Axes
 + Level 5.1 Armour
 + Level 1.9 Dodging
 - Level 0.7 Stealth
 * Level 4.5 Invocations


You had 4 spell levels left.
You knew the following spells:

 Your Spells              Type           Power        Failure   Level  Hunger
a - Confuse               Hex            #.......     100%        3    ####...


Dungeon Overview and Level Annotations

Branches:
Dungeon (7/15)
 Temple: D:4-7

Altars:
Cheibriados
Qazlal
Trog
Vehumet

Shops:
D:6 (

Annotations:
D:4 Klosterheim's ghost, amateur TrBe


Innate Abilities, Weirdness & Mutations

You have sharp toenails.
You are partially covered in yellow scales. (AC +2)
You are partially covered in sharp spines.


Message History

The yak is severely wounded.
The yak gores you.
* * * LOW HITPOINT WARNING * * *
The yak is struck by your spines. The yak barely misses you.
Okay, then.
Put on which piece of jewellery? (? for menu, Esc to quit)
Oops, that amulet feels deathly cold.
w - a cursed amulet of inaccuracy (around neck)
As you read the scroll labeled MAUSIXTOFEON, it crumbles to dust.
It is a scroll of enchant weapon.
Your +1 hand axe glows red for a moment.
The yak closely misses you.
You hit the yak.
The yak is almost dead.
The yak gores you.
* * * LOW HITPOINT WARNING * * *
You closely miss the yak. Your kick misses the yak.
The yak is almost dead.
The yak gores you.
You die...

# # . # . # ##..
##.# #. ##. #..
...# ....##.##
#..# #.
.........## #.#.#
#.###...#
#...###...#
#......#
#....#YJ..#
.......#
#....@###.#
##...#.# #†#.#.#
.......#####.#.#.#
...###.......#.#..
...#
#.##.####.#.#.
##.#
#...#.........#
#.# #..#.######.#
# #.###.(### #..
#......#


You could see a yak and a jelly.

Vanquished Creatures
  2 yaks (D:7)
  An ice beast (D:6)
  A phantom (D:7)
  A howler monkey (D:5)
  3 crimson imps
  A jelly (D:5)
  A gnoll shaman (D:6)
  2 hounds
  2 orc wizards
  A centaur skeleton (D:5)
  2 iguanas
  A merfolk siren (Sewer)
  A merfolk avatar (Sewer)
  6 worker ants
  A killer bee zombie (D:7)
  3 gnolls (D:6)
  2 river rats (Sewer)
  9 adders
  An ooze (D:1)
  A worm (D:5)
  2 dart slugs
  6 leopard geckos
  8 orcs
  6 bats
  8 giant cockroaches
  11 hobgoblins
  11 jackals
  2 quokkas
  8 ball pythons
  7 frilled lizards
  7 goblins
  6 kobolds
  A leopard gecko skeleton (D:6)
  A quokka zombie (D:6)
  29 rats
155 creatures vanquished.

Notes
Turn   | Place    | Note
-------+----------+-------------------------------------------
     0 | Abyss:1  | grizmgrazm2 the Demonspawn Abyssal Knight began the quest for the Orb.
     0 | Abyss:1  | Reached XP level 1. HP: 18/18 MP: 2/2
     6 | D:1      | Escaped the Abyss
    51 | D:1      | Gained mutation: You have sharp toenails. [demonic ancestry]
    51 | D:1      | Reached XP level 2. HP: 24/24 MP: 3/3
   250 | D:1      | Reached ** piety under Lugonu
   257 | D:1      | Gained mutation: You are partially covered in sharp spines. [demonic ancestry]
   257 | D:1      | Reached XP level 3. HP: 20/30 MP: 4/4
   303 | D:1      | Reached skill level 4 in Fighting
   724 | D:2      | Found a snail-covered altar of Cheibriados.
   943 | D:2      | Reached XP level 4. HP: 36/37 MP: 5/5
  1011 | D:2      | Reached skill level 1 in Dodging
  1283 | D:3      | Reached XP level 5. HP: 34/43 MP: 6/6
  1360 | D:3      | Reached *** piety under Lugonu
  1462 | D:3      | Found a bloodstained altar of Trog.
  1667 | D:4      | Noticed Klosterheim's ghost (amateur TrBe)
  1920 | D:5      | Entered Level 5 of the Dungeon
  1920 | D:5      | Found a radiant altar of Vehumet.
  2000 | D:5      | Gained mutation: You are partially covered in yellow scales. (AC +2) [demonic ancestry]
  2000 | D:5      | Reached XP level 6. HP: 24/50 MP: 7/7
  2209 | D:5      | Learned a level 3 spell: Confuse
  2328 | D:5      | Reached skill level 5 in Fighting
  2479 | D:5      | Found a stormy altar of Qazlal.
  2771 | D:6      | Noticed an ice beast
  2792 | D:6      | Killed an ice beast
  2792 | D:6      | Reached XP level 7. HP: 23/56 MP: 7/9
  2988 | D:6      | Found a stormy altar of Qazlal.
  2989 | D:6      | Noticed a fire elemental
  2991 | D:6      | Noticed a water elemental
  2991 | D:6      | Noticed an air elemental
  3115 | D:6      | Found a glowing drain.
  3132 | Sewer    | Entered a sewer
  3224 | Sewer    | Reached **** piety under Lugonu
  3868 | D:6      | Found Coxkolah's Weapon Boutique.
  4139 | D:7      | Reached skill level 5 in Axes
  4139 | D:7      | Reached XP level 8. HP: 64/64 MP: 10/10
  4181 | D:7      | Reached skill level 6 in Fighting
  4181 | D:7      | Reached skill level 5 in Armour
  4188 | D:7      | HP: 3/64 [yak (3)]
  4189 | D:7      | Slain by a yak

Vault maps used:
D:1:      dpeg_arrival_simpleton_c
D:2:      lemuel_round_altar, first_bread
D:3:      lightli_temple_of_fire
D:4:      kennysheep_mini, kennysheep_little_box,
          amethyst_overflow_temple_binary, minmay_temple_entry_enclosed_plants,
          hangedman_ru_absence
D:5:      lemuel_round_altar, lemuel_doored_altar
D:6:      gup_sewer_entry_glass, serial_shops, shop,
          nicolae_qazlal_style_of_elements
D:7:      hangedman_cross_stitches, overflow_temple_1_default,
          lemuel_zombie_altar_yredelemnul
Sewer:    sewer_sea

Skill      XL: |  1  2  3  4  5  6  7  8 |
---------------+-------------------------+-----
Axes           | 2 3 5 |  5.5
Fighting       | 4 5 6 |  6.0
Armour         | 2 3 4 5 |  5.1
Dodging        | 1 |  1.9
Invocations    | 3 4 |  4.5
Stealth        | |  0.7

Action                   |  1- 3 |  4- 6 |  7- 9 || total
-------------------------+-------+-------+-------++-------
Melee: Hand axe          |    87 |   104 |   184 ||   375
       Kick              |    10 |    25 |    35 ||    70
  Use: Scroll            |     2 |     7 |     1 ||    10
       Potion            |       |     6 |     2 ||     8
 Stab: Sleeping          |     1 |       |       ||     1
  Eat: Chunk             |       |     5 |       ||     5
       Fruit             |       |       |     2 ||     2
       Bread ration      |       |       |     1 ||     1
Armor: Ring mail         |    24 |     5 |       ||    29
       Leather armour    |     1 |       |       ||     1
       Chain mail        |       |    67 |    89 ||   156
Dodge: Dodged            |    51 |    39 |    44 ||   134

Table legend:
 A = Spawn XP
 B = Non-spawn XP
 C = Spawn XP percentage of total XP
 D = Spawn monster count
 E = Non-spawn monster count
 F = Spawn count percentage of total count
 G = Total turns spent on level
                    A         B        C        D         E        F      G
               +---------+---------+-------+---------+---------+-------+---------
         Total |       0 |    1920 |   0.0 |       0 |     155 |   0.0 |  4189
               +---------+---------+-------+---------+---------+-------+---------
           D:1 |       0 |      55 |   0.0 |       0 |      28 |   0.0 |   551
           D:2 |       0 |      75 |   0.0 |       0 |      23 |   0.0 |   629
           D:3 |       0 |     114 |   0.0 |       0 |      17 |   0.0 |   659
           D:5 |       0 |     324 |   0.0 |       0 |      14 |   0.0 |   851
           D:6 |       0 |     552 |   0.0 |       0 |      26 |   0.0 |   965
           D:7 |       0 |     650 |   0.0 |       0 |       6 |   0.0 |    85
         Sewer |       0 |     150 |   0.0 |       0 |      41 |   0.0 |   368
               +---------+---------+-------+---------+---------+-------+---------
